 Dungeon Crawl Stone Soup version 0.30-a0-465-g8901f6c8b5 (webtiles) character file.

Game seed: 6189233120083699903

8864 greenreed the Geomancer (level 11, -6/56 HPs)
             Began as a Gargoyle Earth Elementalist on Dec 18, 2022.
             Was a Believer of Vehumet.
             Mangled by a two-headed ogre
             ... wielding a +0 halberd
              (9 damage)
             ... in a bailey on Dec 19, 2022.
             The game lasted 00:18:31 (8376 turns).

greenreed the Geomancer (GrEE)                      Turns: 8376, Time: 00:18:31

Health: -6/56      AC: 20    Str: 16    XL:     11   Next: 37%
Magic:  35/35      EV: 12    Int: 19    God:    Vehumet [**....]
Gold:   682        SH:  0    Dex: 10    Spells: 28/32 levels left

rFire   . . .      SeeInvis .    O - +7 whip of the Sky {flame, Fragile Str+3 Stlth+}
rCold   . . .      Faith    .    (no shield)
rNeg    + . .      Spirit   .    a - +0 robe
rPois   ∞          Reflect  .    k - +0 helmet
rElec   +          Harm     .    Q - +0 cloak {Will+}
rCorr   .          Rampage  .    F - +0 pair of gloves
Will    +....      Clarity  +    e - +0 pair of boots
Stlth   +++.......               m - amulet of magic regeneration
HPRegen 0.29/turn                u - ring of magical power
MPRegen 0.64/turn                R - +4 ring of protection

@: no status effects
A: sickness immunity, AC +8, negative energy resistance 1, electricity
resistance, torment resistance 1, petrification resistance, iridescent scales 1,
clarity
a: Renounce Religion


You were in a bailey.
You worshipped Vehumet.
Vehumet was pleased with you.
You visited 2 branches of the dungeon, and saw 11 of its levels.
You also visited: Bailey.

You collected 682 gold pieces.

Inventory:

Hand Weapons
 E - the +7 Throatcutter {drain, coup de grace}
   (You found it on level 7 of the Dungeon)

   A truly terrible weapon, it drains the life of any living foe it strikes.
   It may instantly kill foes which have little health.
 O - the +7 whip of the Sky (weapon) {flame, Fragile Str+3 Stlth+}
   (You found it on level 9 of the Dungeon)

   It burns those it strikes, dealing additional fire damage.
   Str:       It affects your strength (+3).
   Fragile:   It will be destroyed if unequipped.
   Stlth:     It makes you more stealthy.
Missiles
 g - 33 poisoned darts
 x - a throwing net
 K - 5 curare-tipped darts
Armour
 a - a +0 robe (worn)
 e - a +0 pair of boots (worn)
 j - a +1 cloak
 k - a +0 helmet (worn)
 F - a +0 pair of gloves (worn)
 Q - a +0 cloak of willpower (worn)
Jewellery
 m - an amulet of magic regeneration (around neck)
 n - a ring of resist corrosion
 t - a ring of protection from fire
 u - a ring of magical power (left hand)
 y - a +6 ring of dexterity
 B - a ring of protection from cold
 R - a +4 ring of protection (right hand)
Wands
 D - a wand of roots (7)
 L - a wand of charming (4)
Scrolls
 f - a scroll of immolation {unknown}
 h - a scroll of vulnerability {unknown}
 i - 8 scrolls of identify {unknown}
 o - 6 scrolls of teleportation {unknown}
 q - 2 scrolls of butterflies {unknown}
 s - 6 scrolls of brand weapon {unknown}
 w - a scroll of fear {unknown}
 A - 2 scrolls of silence {unknown}
 G - 2 scrolls of amnesia {unknown}
 H - a scroll of blinking {unknown}
 I - 2 scrolls of enchant armour {unknown}
 J - 2 scrolls of magic mapping {unknown}
 N - a scroll of poison {unknown}
Potions
 b - 2 potions of magic
 c - 5 potions of lignification {unknown}
 d - 8 potions of curing
 l - 3 potions of degeneration {unknown}
 p - 3 potions of flight {unknown}
 r - 5 potions of mutation
 v - a potion of attraction {unknown}
 z - a potion of brilliance {unknown}
 C - a potion of resistance {unknown}
 M - a potion of heal wounds {unknown}
 P - a potion of haste {unknown}


   Skills:
 + Level 1.2 Fighting
 + Level 0.1 Long Blades
 + Level 3.2 Dodging
 + Level 3.4 Stealth
 + Level 0.3 Unarmed Combat
 * Level 11.0 Spellcasting
 * Level 0.1 Conjurations
 + Level 0.7 Transmutations
 * Level 14.6 Earth Magic


You had 28 spell levels left.
You knew the following spells:

 Your Spells              Type           Power      Damage    Failure   Level
a - Sandblast             Erth           100%       2d20      0%          1
b - Dazzling Flash        Conj/Hex       20%        N/A       19%         3

Your spell library contained the following spells:

 Spells                   Type           Power      Damage    Failure   Level
 Passwall                 Tmut/Erth      32%        N/A       1%          2
 Stone Arrow              Conj/Erth      76%        3d11      1%          3
 Petrify                  Tmut/Erth      39%        N/A       2%          4
 Beastly Appendage        Tmut           26%        N/A       4%          1
 Wereblood                Tmut           13%        N/A       8%          2
 Spider Form              Tmut/Pois      11%        N/A       17%         3


Dungeon Overview and Level Annotations

Branches:
Dungeon (10/15)            Temple (1/1) D:7          Bailey (1/1)
   Lair: D:8-11         Orc: D:9-12

Altars:
Ashenzari
Cheibriados
Dithmenos
Elyvilon
Fedhas
Gozag
Hepliaklqana
Kikubaaqudgha
Makhleb
Nemelex Xobeh
Okawaru
Qazlal
Ru
Sif Muna
Trog
Uskayaw
Vehumet
Wu Jian
Xom
Yredelemnul
Zin
The Shining One

Shops:
D:5 *


Innate Abilities, Weirdness & Mutations

You are immune to sickness and miasma.
Your stone body is resilient. (AC +8)
You are immune to poison.
You resist negative energy. (rN+)
You are resistant to electric shocks. (rElec)
You are resistant to unholy torment.
You are immune to petrification.
You are partially covered in iridescent scales. (AC +2)
You possess an exceptional clarity of mind.


Message History

The two-headed ogre hits you with a +0 halberd.
* * * LOW HITPOINT WARNING * * *
Casting: Sandblast (safe; 0% risk of failure)
Confirm with . or Enter, or press ? or * to list all spells.
Okay, then.
Aiming: Fastroot
Press: ? - help, Shift-Dir - straight line, f - two-headed ogre
Aim: a two-headed ogre, wielding two +0 halberds (heavily wounded)
The roots erupt in riotous growth!
Roots grab the two-headed ogre.
The grasping roots constrict the two-headed ogre!
You hear a shout!
The two-headed ogre barely misses you.
The two-headed ogre hits you but does no damage.
The grasping roots constrict the two-headed ogre.
The roots release their grip on the two-headed ogre.
Casting: Sandblast (safe; 0% risk of failure)
Confirm with . or Enter, or press ? or * to list all spells.
Okay, then.
Aiming: Fastroot
Press: ? - help, Shift-Dir - straight line, f/p - two-headed ogre
Aim: a two-headed ogre, wielding two +0 halberds (severely wounded)
The roots erupt in riotous growth!
Roots grab the two-headed ogre.
The grasping roots constrict the two-headed ogre.
You hear a shout!
The two-headed ogre hits you from afar with a +0 halberd!
* * * LOW HITPOINT WARNING * * *
The two-headed ogre hits you but does no damage.
The grasping roots constrict the two-headed ogre.
The roots release their grip on the two-headed ogre.
Aiming: Fastroot
Press: ? - help, Shift-Dir - straight line, f/p - two-headed ogre
Aim: a two-headed ogre, wielding two +0 halberds (severely wounded)
The roots erupt in riotous growth!
Roots grab the two-headed ogre.
The grasping roots constrict the two-headed ogre.
The two-headed ogre hits you but does no damage.
The two-headed ogre hits you from afar with a +0 halberd!
You die...

#~~~~~#
##))~~~##
#.......##
#.........##
#..##♣####..##
#..♣ #♣..##
..# ##O.## .#
♣#).# #[@#
#..# #..# #..#
. #..# ..♣
##..# ..
##..##
###♣~####..##
...~~)...)##


You could see a two-headed ogre (rooted).

Vanquished Creatures
  2 two-headed ogres
  Joseph (D:8)
  An unseen horror (D:10)
  Maggie (D:6)
  3 unseen horror zombies (D:9)
  A troll (D:9)
  Prince Ribbit (D:6)
  3 spriggans (Bailey)
  Sigmund (D:3)
  5 yaks (D:10)
  A water moccasin (D:6)
  6 ogres
  A hornet zombie (D:9)
  5 orc warriors
  A black bear (D:7)
  A sky beast (D:7)
  2 centaurs
  2 kobold brigands
  2 bullfrogs
  A gnoll sergeant (D:6)
  2 necrophages
  3 scorpions
  4 wights
  11 killer bees
  A howler monkey (D:9)
  2 electric eels (D:9)
  2 centaur zombies (D:9)
  5 hounds
  2 jellies
  10 orc priests
  3 iguanas
  12 orc wizards
  6 adders
  7 gnolls
  2 white imps (D:7)
  2 ufetubi (D:5)
  A worm (D:2)
  3 dart slugs
  44 orcs
  2 ball pythons (D:2)
  7 endoplasms
  2 giant cockroaches
  10 goblins
  8 hobgoblins
  11 jackals
  4 quokkas
  6 bats
  A frilled lizard (D:2)
  13 kobolds
  5 rats
  A toadstool (D:3)
233 creatures vanquished.

Vanquished Creatures (collateral kills)
  A steam dragon (Bailey)
  An ogre (Bailey)
2 creatures vanquished.

Vanquished Creatures (others)
  6 fungi
  3 toadstools (D:3)
  3 withered plants (D:9)
12 creatures vanquished.

Grand Total: 247 creatures vanquished

Notes
Turn   | Place    | Note
-------+----------+-------------------------------------------
     0 | D:1      | greenreed the Gargoyle Earth Elementalist began the quest
                  | for the Orb.
     0 | D:1      | Reached XP level 1. HP: 10/10 MP: 3/3
   237 | D:1      | Reached skill level 4 in Earth Magic
   237 | D:1      | Reached XP level 2. HP: 15/15 MP: 0/5
   760 | D:1      | Reached XP level 3. HP: 19/19 MP: 4/6
  1573 | D:2      | Reached XP level 4. HP: 24/24 MP: 6/8
  1828 | D:3      | Noticed Sigmund
  1830 | D:3      | Killed Sigmund
  1831 | D:3      | Reached skill level 5 in Earth Magic
  1831 | D:3      | Reached XP level 5. HP: 28/28 MP: 7/10
  1834 | D:3      | Reached XP level 6. HP: 32/32 MP: 8/11
  2632 | D:4      | Reached skill level 6 in Earth Magic
  2940 | D:5      | Entered Level 5 of the Dungeon
  2953 | D:5      | Reached XP level 7. HP: 35/36 MP: 14/14
  3001 | D:5      | Reached skill level 7 in Earth Magic
  3010 | D:5      | Reached skill level 5 in Spellcasting
  3306 | D:5      | Reached XP level 8. HP: 41/41 MP: 16/16
  3354 | D:5      | Found Pogisiuj's General Store.
  3384 | D:5      | Reached skill level 8 in Earth Magic
  3884 | D:6      | Reached skill level 9 in Earth Magic
  4006 | D:6      | Noticed Prince Ribbit
  4009 | D:6      | Killed Prince Ribbit
  4315 | D:6      | Reached XP level 9. HP: 40/46 MP: 19/19
  4320 | D:6      | Reached skill level 10 in Earth Magic
  4526 | D:6      | Noticed Maggie
  4533 | D:6      | Killed Maggie
  4727 | D:7      | Reached skill level 11 in Earth Magic
  4798 | D:7      | Found a hide-covered altar of Uskayaw.
  4914 | D:7      | Found a staircase to the Ecumenical Temple.
  4925 | Temple   | Entered the Ecumenical Temple
  4938 | Temple   | Became a worshipper of Vehumet
  5156 | D:7      | Found the +7 Throatcutter {drain, coup de grace}
  5204 | D:7      | Found a shimmering altar of Xom.
  5742 | D:8      | Noticed a two-headed ogre
  5745 | D:8      | Killed a two-headed ogre
  5746 | D:8      | Reached skill level 12 in Earth Magic
  5746 | D:8      | Reached XP level 10. HP: 39/51 MP: 22/22
  6206 | D:8      | Reached * piety under Vehumet
  6206 | D:8      | Offered knowledge of Freeze by Vehumet.
  6358 | D:8      | Noticed Joseph
  6385 | D:8      | Killed Joseph
  7117 | D:9      | Reached skill level 1 in Fighting
  7117 | D:9      | Reached skill level 13 in Earth Magic
  7449 | D:9      | Noticed a two-headed ogre
  7454 | D:9      | Killed a two-headed ogre
  7455 | D:9      | Reached skill level 10 in Spellcasting
  7560 | D:9      | Reached ** piety under Vehumet
  7560 | D:9      | Offered knowledge of Shock by Vehumet.
  7665 | D:9      | Reached XP level 11. HP: 37/56 MP: 25/25
  7752 | D:9      | Identified the +7 whip of the Sky {flame, Fragile Str+3
                  | Stlth+}
  8018 | D:10     | Entered Level 10 of the Dungeon
  8042 | D:10     | Reached skill level 14 in Earth Magic
  8272 | D:10     | Offered knowledge of Dazzling Flash by Vehumet.
  8278 | D:10     | Learned a level 3 spell: Dazzling Flash
  8281 | D:10     | Found a flagged portal.
  8298 | Bailey   | Entered a bailey
  8335 | Bailey   | Noticed a two-headed ogre
  8358 | Bailey   | Gained mutation: You possess an exceptional clarity of
                  | mind. [potion of mutation]
  8358 | Bailey   | Gained mutation: You are partially covered in iridescent
                  | scales. (AC +2) [potion of mutation]
  8374 | Bailey   | HP: 2/56 [two-headed ogre/+0 halberd (9)]
  8376 | Bailey   | Mangled by a two-headed ogre

Illustrated notes

Levels and vault maps discovered:
D:1:      dpeg_arrival_circle_labyrinth_c, layout_basic, minivault_14
D:2:      layout_rooms, hex_intersection, dreamdust_mushroom_princess
D:3:      layout_loops_ring, minmay_gold_behind_fungi, uniq_sigmund
D:4:      layout_cave_pools, abandoned_shop
D:5:      layout_loops_ring, serial_shops, shop, minmay_misc_feat_encased,
          minmay_misc_feat_iff
D:6:      layout_loops_ring, minmay_tree_intersection, minmay_liquid_box,
          st_stairs_4, uniq_maggie, uniq_prince_ribbit1
D:7:      layout_basic, overflow_temple_1_default,
          nicolae_overflow_hidden_temple, minmay_temple_entry_water_ring
D:8:      layout_basic, uniq_joseph
D:9:      layout_loops_ring, serial_undead, serial_undead_a, serial_undead_c,
          serial_undead_f, serial_undead_f, serial_undead_c, minivault_4,
          kennysheep_path_1
D:10:     layout_loops_ring, minmay_lair_entry_grove, enter_bailey_3
Temple:   nicolae_temple_bog_church
Bailey:   bailey_polearm_enchanted_keep_hellmonk, bailey

Skill      XL: |  1  2  3  4  5  6  7  8  9 10 11 |
---------------+----------------------------------+-----
Earth Magic    | 4 5 6 7 9 12 13 14 | 14.6
Spellcasting   | 3 4 5 7 8 10 11 | 11.0
Dodging        | 2 3 |  3.2
Stealth        | 3 |  3.4
Fighting       | 1 |  1.2
Long Blades    | |  0.1
Unarmed Combat | |  0.3
Conjurations   | |  0.1
Transmutations | |  0.7

Action                   |  1- 3 |  4- 6 |  7- 9 | 10-12 || total
-------------------------+-------+-------+-------+-------++-------
Melee: Unarmed           |    13 |     1 |     3 |       ||    17
       Long sword        |       |       |     1 |     1 ||     2
 Cast: Sandblast         |    50 |    59 |   154 |   182 ||   445
Evoke: Wand              |       |       |       |     5 ||     5
  Use: Potion            |       |       |       |     2 ||     2
Armor: Robe              |    18 |     4 |    53 |   119 ||   194
Dodge: Dodged            |    30 |     9 |    60 |   139 ||   238

Table legend: (Time is in decaauts)
 A = Elapsed time spent in this place.
 B = Non-inter-level travel time spent in this place.
 C = Inter-level travel time spent in this place.
 D = Time resting spent in this place.
 E = Time spent auto-exploring this place.
 F = Levels seen in this place.
 G = Mean time per level.
                   A        B        C        D        E       F      G
               +--------+--------+--------+--------+--------+-----+--------+
         Total |   8615 |   8155 |    460 |    471 |   6178 |  12 |  717.9 |
       Dungeon |   8321 |   7888 |    433 |    471 |   5994 |  10 |  832.1 |
        Temple |    208 |    181 |     27 |      0 |    161 |   1 |  208.0 |
        Bailey |     85 |     85 |      0 |      0 |     23 |   1 |   85.0 |
               +--------+--------+--------+--------+--------+-----+--------+

Top non-repeatable levels by time:
     D:8: 1515 daAuts
     D:1: 1360 daAuts
     D:9: 946 daAuts
     D:5: 938 daAuts
     D:6: 852 daAuts
     D:7: 785 daAuts
     D:3: 611 daAuts
     D:4: 520 daAuts
     D:2: 498 daAuts
    D:10: 293 daAuts
  Temple: 208 daAuts
  Bailey: 85 daAuts
